 Dungeon Crawl Stone Soup version 0.27.1-34-g3ba077fa99 (webtiles) character file.

Game seed: 4951991312711848266

149916 ticklebelly the Warrior (level 16, -6/157 HPs)
             Began as a Minotaur Berserker on Jan 1, 2022.
             Was a High Priest of Trog.
             Mangled by a jumping spider (15 damage)
             ... on level 3 of the Spider Nest on Jan 2, 2022.
             The game lasted 02:24:50 (28599 turns).

ticklebelly the Warrior (Minotaur Berserker)       Turns: 28599, Time: 02:24:51

Health: -6/157     AC: 26    Str: 32    XL:     16   Next: 97%
Magic:  15/15      EV:  7    Int:  4    God:    Trog [*****.]
Gold:   3232       SH:  0    Dex: 11    Spells: 15/15 levels left

rFire    . . .     SeeInvis .   j - +6 executioner's axe (freeze)
rCold    . . .     Faith    .   (shield currently unavailable)
rNeg     . . .     Spirit   .   S - +3 plate armour {Will+}
rPois    +         Reflect  .   k - +0 hat {Will+}
rElec    .         Harm     .   (no cloak)
rCorr    .         Rampage  .   W - +2 pair of gloves
Will     +++..                  z - +0 pair of boots
Stlth    ..........             J - amulet of regeneration
HPRegen  1.36/turn              V - ring of poison resistance
MPRegen  0.14/turn              T - +6 ring of strength

@: unable to read, held
A: horns 2, retaliatory headbutt, clumsy 1, inability to read while threatened
a: Renounce Religion, Berserk, Trog's Hand, Brothers in Arms


You were on level 3 of the Spider Nest.
You worshipped Trog.
Trog was extremely pleased with you.
You visited 4 branches of the dungeon, and saw 26 of its levels.
You visited the Abyss 1 time.
You also visited: Sewer and Gauntlet.

You collected 3232 gold pieces.

Inventory:

Hand Weapons
 f - the +6 morningstar "Pyodweopp" {speed, *Rage rElec rF+ rC++}
   (You found it on level 13 of the Dungeon)

   Attacks with this weapon are significantly faster.
   rF:        It protects you from fire.
   rC:        It greatly protects you from cold.
   rElec:     It insulates you from electricity.
   *Rage:     It may make you go berserk in combat.
 j - a +6 executioner's axe of freezing (weapon)
 l - the +9 great mace of Abomination {freeze, *Rage rElec rC- SInv}
   (You took it off a frost giant on level 13 of the Dungeon)

   It freezes those it strikes, dealing additional cold damage.
   It can also slow down cold-blooded creatures.
   rC:        It makes you vulnerable to cold.
   rElec:     It insulates you from electricity.
   SInv:      It lets you see invisible.
   *Rage:     It may make you go berserk in combat.
 C - the +11 broad axe of the Shining Light {vorpal, +Rage rC++}
   (Trog gifted it to you on level 1 of the Spider Nest)

   It inflicts extra damage upon your enemies.
   rC:        It greatly protects you from cold.
   +Rage:     It lets you go berserk.
 U - a +6 antimagic battleaxe
Missiles
 E - 9 javelins (quivered)
 Z - 12 silver javelins
Armour
 k - a +0 hat of willpower (worn)
 z - a +0 pair of boots (worn)
 S - a +3 plate armour of willpower (worn)
 W - a +2 pair of gloves (worn)
Jewellery
 y - an amulet of magic regeneration
 A - a +4 ring of protection
 D - a +6 ring of dexterity
 J - an amulet of regeneration (around neck)
 M - an amulet of the acrobat
 T - a +6 ring of strength (right hand)
 V - a ring of poison resistance (left hand)
Wands
 a - a wand of mindburst (2)
 b - a wand of polymorph (10)
 o - a wand of charming (8)
 q - a wand of paralysis (7)
 x - a wand of flame (91)
 G - a wand of iceblast (54)
 H - a wand of digging (9)
 K - a wand of acid (13)
Scrolls
 c - 6 scrolls of enchant armour
 d - 4 scrolls of fog
 e - 11 scrolls of identify
 g - 3 scrolls of blinking
 s - 15 scrolls of teleportation
 u - 3 scrolls of fear
 L - 4 scrolls of magic mapping
 N - 3 scrolls of summoning
 O - 3 scrolls of holy word
Potions
 h - 5 potions of haste
 i - 9 potions of curing
 m - 6 potions of brilliance
 n - 3 potions of flight
 p - 5 potions of lignification
 r - a potion of magic {unknown}
 t - a potion of might
 v - a potion of resistance
 w - 7 potions of cancellation
 B - 2 potions of invisibility
Miscellaneous
 X - a tin of tremorstones (2/2)


   Skills:
 + Level 17.7 Fighting
 + Level 17.7 Axes
 + Level 17.5 Armour
 + Level 16.3 Dodging
 - Level 5.0 Evocations


You had 15 spell levels left.
You didn't know any spells.
Your spell library was empty.

Dungeon Overview and Level Annotations

Branches:
Dungeon (15/15)            Temple (0/1) D:4            Lair (6/6) D:10
  Swamp (0/4) Lair:4       Spider (3/4) Lair:3        Slime (0/5) Lair:6
    Orc (2/2) D:11            Elf (0/3) Orc:2        Vaults (0/5) D:13
 Depths (0/5) D:15          Sewer (visited)         Gauntlet (visited)

Altars:
Ashenzari
Cheibriados
Dithmenos
Gozag
Hepliaklqana
Kikubaaqudgha
Ru
Uskayaw
Zin
Beogh
Jiyva

Shops:
D:4 (   D:6 [   Orc:2 =[!*

Portals:
Ice
Cave: D:15

Annotations:
D:15 exclusion: 2 ice statues


Innate Abilities, Weirdness & Mutations

You have a pair of horns on your head.
You reflexively headbutt those who attack you in melee.
You are clumsy. (Dex -2)
You sometimes lose the ability to read scrolls when taking damage.


Message History

The jumping spider pounces on you!
* * * LOW HITPOINT WARNING * * *
The jumping spider bites you.
* * * LOW HITPOINT WARNING * * *
The jumping spider barely misses you.
The jumping spider bites you but does no damage.
You cannot read scrolls in your current state!
You struggle to detach yourself from the web.
The jumping spider barely misses you.
The jumping spider bites you but does no damage.
The wolf spider hits you but does no damage.
The wolf spider bites you but does no damage.
The jumping spider pounces on you but does no damage.
The jumping spider bites you!
* * * LOW HITPOINT WARNING * * *
The jumping spider pounces on you!
* * * LOW HITPOINT WARNING * * *
The jumping spider barely misses you. The wolf spider hits you!
* * * LOW HITPOINT WARNING * * *
The wolf spider barely misses you.
You cannot read scrolls in your current state!
You feel much better. The jumping spider pounces on you.
* * * LOW HITPOINT WARNING * * *
You are even more entangled.
The jumping spider bites you.
* * * LOW HITPOINT WARNING * * *
The jumping spider leaps!
The wolf spider barely misses you.
The wolf spider bites you but does no damage.
The jumping spider pounces on you but does no damage.
The jumping spider bites you but does no damage.
You cannot read scrolls in your current state!
Your cyclops goes berserk!
The jumping spider pounces on you.
* * * LOW HITPOINT WARNING * * *
You are even more entangled.
The jumping spider bites you.
* * * LOW HITPOINT WARNING * * *
The wolf spider hits you but does no damage.
The wolf spider bites you!
* * * LOW HITPOINT WARNING * * *
The jumping spider pounces on you!
You die...

##..##<..#######
#.:..##........###
....##########...#
.#### #.#.########
## #^.....^....
#..#^#####.#
#.C..# #
##°###.#.#. ##
#.@sss!... .##
#s###...## ..# #s.
..# ..## #s# #
.^.### #.. #.)..##
#.# #...^.#######
#..
##^.#..##...####
#^###.....?...##


You could see a demonic crawler, a wolf spider, 2 jumping spiders, a tarantella,
a redback and a friendly cyclops (summoned, berserk).

Vanquished Creatures
  An ancient lich (Abyss:2)
  Arachne (Spider:1)
  Jorgrun (Orc:2)
  Asterion (Spider:1)
  2 tentacled starspawn (Abyss:2)
  Gastronok (D:11)
  Kirke (Lair:3)
  A frost giant (D:13)
  Louise (Spider:1)
  A ghost moth (Spider:1)
  Azrael (Spider:2)
  The ghost of Mebb the Imperceptible, a journeyman SpEn of Gozag (D:13)
  2 ettins
  4 boulder beetles
  Erolcha (D:13)
  Fannar (Lair:3)
  2 centaur warriors (D:14)
  A catoblepas (D:15)
  5 hydras
  Erica (Lair:2)
  5 tengu warriors
  7 two-headed ogres
  A death scarab (Gauntlet)
  Urug (Orc:2)
  3 orc high priests (Orc:2)
  Nergalle (Lair:3)
  3 starcursed masses (Abyss:2)
  A deep troll (D:15)
  A spectral hydra (Gauntlet)
  5 wizards
  2 necromancers
  2 orb spiders
  2 deep elf pyromancers
  18 ugly things
  3 orc sorcerers
  7 manticores
  A large abomination (Abyss:2)
  15 wolf spiders
  7 cyclopes
  19 elephants
  A moth of wrath (Spider:3)
  2 centaur zombies (D:10)
  An apocalypse crab (Abyss:2)
  2 black mambas
  Maggie (Lair:2)
  A torpor snail (Lair:4)
  An unseen horror (shapeshifter) (D:13)
  12 cane toads
  A kobold demonologist (D:13)
  4 rime drakes
  16 komodo dragons
  2 yaktaurs (D:12)
  5 demonic crawlers
  3 freezing wraiths
  A tengu conjurer (D:12)
  3 polar bears (Lair:6)
  30 jumping spiders
  A meliai (D:12)
  2 trolls
  8 hornets
  A dream sheep (Lair:6)
  16 blink frogs
  4 slime creatures
  33 redbacks
  2 wraiths
  Sigmund (D:4)
  17 tarantellas
  3 fire elementals
  3 shadows
  6 hogs
  2 vampires
  2 basilisks
  53 yaks
  14 spriggans (Lair:6)
  A wyvern (Lair:3)
  Eustachio (D:5)
  A steam dragon (D:7)
  21 vampire mosquitoes
  3 acid dragons
  20 water moccasins
  3 hell hounds (Spider:2)
  11 orc warriors
  A small abomination (Abyss:2)
  An ice beast (D:8)
  8 black bears
  5 boggarts
  10 ogres
  8 centaurs
  43 wolves
  The ghost of Fek the Skirmisher, an amateur GrBe of Trog (D:3)
  4 kobold brigands
  11 bullfrogs
  A gnoll sergeant (D:10)
  3 killer bees (D:10)
  3 howler monkeys
  3 electric eels
  2 bullfrog zombies
  2 hounds (D:5)
  2 jellies (D:5)
  2 bullfrog skeletons
  17 orc priests
  A gnoll shaman (D:8)
  2 centaur skeletons
  A scorpion zombie (D:5)
  Ijyb (D:4)
  An iguana (D:6)
  19 orc wizards
  Terence (D:3)
  A killer bee zombie (D:6)
  A hound zombie (D:5)
  A howler monkey zombie (D:8)
  6 gnolls
  7 adders
  3 shadow imps (Gauntlet)
  2 white imps
  An ufetubus (D:6)
  An adder skeleton (D:4)
  4 worms
  42 orcs
  9 ball pythons
  8 endoplasms
  9 giant cockroaches
  10 hobgoblins
  9 jackals
  22 kobolds
  2 quokkas
  3 bats
  2 frilled lizards
  8 goblins
  7 rats
  2 starspawn tentacles (Abyss:2)
762 creatures vanquished.

Vanquished Creatures (collateral kills)
  Nikola (Spider:1)
  Rupert (D:12)
  Aizul (Spider:1)
  A minotaur (Gauntlet)
  An orc high priest (Orc:2)
  Sonja (D:13)
  A wolf spider (Spider:1)
  4 jumping spiders (Spider:1)
  A troll (D:13)
  3 redbacks (Spider:1)
  An ogre (D:13)
  2 electric eels (Spider:1)
  An orc priest (Orc:2)
  An orc wizard (Orc:2)
20 creatures vanquished.

Vanquished Creatures (others)
  A deep elf knight (D:12)
  A wizard (D:13)
  A jumping spider (Spider:1)
  A human (Spider:1)
  A tarantella (Spider:2)
  2 orc wizards
  A quokka skeleton (D:4)
  28 fungi
  42 plants
  4 starspawn tentacles (Abyss:2)
82 creatures vanquished.

Grand Total: 864 creatures vanquished

Notes
Turn   | Place    | Note
-------+----------+-------------------------------------------
     0 | D:1      | ticklebelly the Minotaur Berserker began the quest for the
                  | Orb.
     0 | D:1      | Reached XP level 1. HP: 19/19 MP: 0/0
   137 | D:1      | Noticed an orc priest
   137 | D:1      | Noticed an orc wizard
   137 | D:1      | Noticed an orc warrior
   139 | D:1      | Noticed an orc priest
   521 | D:1      | Reached XP level 2. HP: 23/27 MP: 1/1
   727 | D:1      | Found a faded altar of an unknown god.
  1632 | D:2      | Reached XP level 3. HP: 33/33 MP: 2/2
  2487 | D:2      | Reached XP level 4. HP: 40/41 MP: 3/3
  2933 | D:3      | Reached ** piety under Trog
  2947 | D:3      | Found a runed translucent gate.
  2947 | D:3      | Found a runed translucent gate.
  2949 | D:3      | Found a runed translucent gate.
  2950 | D:3      | Found an opulent altar of Gozag.
  2950 | D:3      | Noticed a kobold brigand
  2950 | D:3      | Noticed Fek's ghost (amateur GrBe)
  2973 | D:3      | Killed a kobold brigand
  2974 | D:3      | Reached XP level 5. HP: 47/47 MP: 4/4
  2979 | D:3      | Killed Fek's ghost
  2980 | D:3      | Reached skill level 5 in Fighting
  2980 | D:3      | Reached skill level 5 in Axes
  3539 | D:3      | Noticed Terence
  3552 | D:3      | Killed Terence
  3553 | D:3      | Reached XP level 6. HP: 35/56 MP: 5/5
  3773 | D:3      | Found a hazy altar of Hepliaklqana.
  3793 | D:3      | Found a snail-covered altar of Cheibriados.
  3808 | D:3      | Found a glowing silver altar of Zin.
  3903 | D:3      | Found an ancient bone altar of Kikubaaqudgha.
  4425 | D:4      | Noticed Sigmund
  4432 | D:4      | Killed Sigmund
  4433 | D:4      | Reached XP level 7. HP: 57/62 MP: 6/6
  4489 | D:4      | Found a glowing drain.
  4504 | Sewer    | Entered a sewer
  4669 | Sewer    | Reached skill level 5 in Armour
  4788 | D:4      | Found a staircase to the Ecumenical Temple.
  4820 | D:4      | Found Ontytzyurch's Antique Weapon Emporium.
  4952 | D:4      | Noticed Ijyb
  4958 | D:4      | Killed Ijyb
  5305 | D:5      | Entered Level 5 of the Dungeon
  5328 | D:5      | Noticed Eustachio
  5351 | D:5      | Killed Eustachio
  5352 | D:5      | Reached skill level 5 in Dodging
  5352 | D:5      | Reached skill level 1 in Evocations
  5432 | D:5      | Reached XP level 8. HP: 36/71 MP: 7/7
  5906 | D:5      | Reached *** piety under Trog
  5919 | D:5      | Found a sacrificial altar of Ru.
  6834 | D:6      | Found Wuinotre's Armour Boutique.
  7474 | D:7      | Reached XP level 9. HP: 76/81 MP: 8/8
  8013 | D:8      | Paralysed by a hornet for 1 turns
  8256 | D:8      | Reached **** piety under Trog
  8982 | D:9      | Reached XP level 10. HP: 13/91 MP: 9/9
 10095 | D:9      | Paralysed by a hornet for 1 turns
 10465 | D:9      | Found a hide-covered altar of Uskayaw.
 10804 | D:10     | Entered Level 10 of the Dungeon
 10807 | D:10     | Found a shadowy altar of Dithmenos.
 10895 | D:10     | Reached skill level 10 in Fighting
 10895 | D:10     | Reached skill level 10 in Axes
 11138 | D:10     | Reached ***** piety under Trog
 11430 | D:10     | Found a staircase to the Lair.
 11657 | D:10     | Found a broken altar of Ashenzari.
 12168 | Lair:1   | Entered Level 1 of the Lair of Beasts
 12199 | Lair:1   | Reached skill level 10 in Armour
 12239 | Lair:1   | Reached XP level 11. HP: 101/101 MP: 10/10
 13653 | Lair:2   | Noticed Erica
 13666 | Lair:2   | Killed Erica
 14229 | Lair:2   | Noticed Maggie
 14239 | Lair:2   | Killed Maggie
 14241 | Lair:2   | Reached skill level 10 in Dodging
 14949 | Lair:3   | Reached skill level 5 in Evocations
 14971 | Lair:3   | Found a hole to the Spider Nest.
 15030 | Lair:3   | Received a gift from Trog
 15194 | Lair:3   | Noticed a boulder beetle
 15218 | Lair:3   | Killed a boulder beetle
 15219 | Lair:3   | Reached XP level 12. HP: 44/111 MP: 3/11
 15515 | Lair:3   | Noticed Nergalle
 15545 | Lair:3   | Killed Nergalle
 15663 | Lair:3   | Noticed Fannar
 15675 | Lair:3   | Killed Fannar
 16477 | Lair:4   | Found a staircase to the Swamp.
 17344 | Lair:5   | Reached XP level 13. HP: 121/122 MP: 4/12
 17959 | Lair:6   | Entered Level 6 of the Lair of Beasts
 18000 | Lair:6   | Found a staircase to the Slime Pits.
 18000 | Lair:6   | Found a viscous altar of Jiyva.
 18554 | Lair:6   | Received a gift from Trog
 18833 | Lair:6   | Reached ****** piety under Trog
 18937 | Lair:6   | Reached XP level 14. HP: 116/126 MP: 4/13
 19483 | D:11     | Found a gate leading to a gauntlet.
 19492 | Gauntlet | Entered a Gauntlet
 19492 | Gauntlet | Found a transporter.
 19492 | Gauntlet | Found a transporter.
 19500 | Gauntlet | Found a transporter.
 19501 | Gauntlet | Found a transporter.
 19570 | Gauntlet | Found a transporter.
 19585 | Gauntlet | Found a transporter.
 19585 | Gauntlet | Found a transporter.
 19604 | Gauntlet | Found a transporter.
 19604 | Gauntlet | Found a transporter.
 19606 | Gauntlet | Found a transporter.
 19644 | Gauntlet | Found a transporter.
 19644 | Gauntlet | Found a transporter.
 20038 | D:11     | Found a staircase to the Orcish Mines.
 20064 | D:11     | Noticed Gastronok
 20076 | D:11     | Killed Gastronok
 20076 | D:11     | Received a gift from Trog
 20270 | D:11     | Identified a scroll of acquirement
 20271 | D:11     | Acquired 584 gold pieces
 20789 | Orc:1    | Entered Level 1 of the Orcish Mines
 20848 | Orc:2    | Entered Level 2 of the Orcish Mines
 21000 | Orc:2    | Found a staircase to the Elven Halls.
 21036 | Orc:2    | Noticed Jorgrun
 21061 | Orc:2    | Killed Jorgrun
 21083 | Orc:2    | Reached skill level 15 in Fighting
 21192 | Orc:2    | Noticed Urug
 21203 | Orc:2    | Killed Urug
 21204 | Orc:2    | Reached skill level 15 in Axes
 21214 | Orc:2    | Found Luugaet's Assorted Antiques.
 21214 | Orc:2    | Found Nadurgh's Armour Shop.
 21224 | Orc:2    | Found Jocirch's Jewellery Shop.
 21234 | Orc:2    | Found Fuffinit's Distillery.
 22123 | D:12     | Identified the +1 leather armour "Uxti" {Harm rC+++ Str-4
                  | SInv}
 22202 | D:12     | Reached skill level 15 in Armour
 22313 | D:12     | Found a runed translucent door.
 23099 | D:13     | Noticed Rupert
 23176 | D:12     | Killed Rupert
 23177 | D:12     | Reached XP level 15. HP: 52/141 MP: 14/14
 23470 | D:13     | Noticed Erolcha
 23485 | D:13     | Killed Erolcha
 23509 | D:13     | Found a transporter.
 23512 | D:13     | Noticed Mebb's ghost (journeyman SpEn)
 23513 | D:13     | Identified the +9 great mace of Abomination {freeze, *Rage
                  | rElec rC- SInv}
 23513 | D:13     | Noticed a frost giant
 23539 | D:13     | Found a transporter.
 23548 | D:13     | Killed a frost giant
 23559 | D:13     | Killed Mebb's ghost
 23570 | D:13     | Identified the +6 morningstar "Pyodweopp" {speed, *Rage
                  | rElec rF+ rC++}
 23677 | D:13     | Noticed Sonja
 24019 | D:13     | Cast into level 2 of the Abyss (Sonja)
 24078 | Abyss:2  | Noticed a tentacled starspawn
 24079 | Abyss:2  | Noticed a tentacled starspawn
 24086 | Abyss:2  | Killed a tentacled starspawn
 24092 | Abyss:2  | Killed a tentacled starspawn
 24114 | Abyss:2  | Noticed an ancient lich
 24128 | Abyss:2  | Killed an ancient lich
 24133 | D:13     | Escaped the Abyss
 24138 | D:13     | Killed Sonja
 24417 | D:13     | Found a gate to the Vaults.
 24648 | D:14     | Reached skill level 15 in Dodging
 25189 | D:15     | Entered Level 15 of the Dungeon
 25241 | D:15     | Found a hazy altar of Hepliaklqana.
 25347 | D:15     | Received a gift from Trog
 25349 | D:15     | Reached XP level 16. HP: 88/152 MP: 15/15
 25478 | D:15     | Found a staircase to the Depths.
 25592 | D:15     | Found a frozen archway.
 26002 | Spider:1 | Entered Level 1 of the Spider Nest
 26005 | Spider:1 | Noticed Asterion
 26037 | Spider:1 | Noticed Kirke
 26078 | Lair:3   | Killed Kirke
 26129 | Spider:1 | Noticed an Executioner
 26225 | Spider:1 | Noticed an Executioner
 26384 | Spider:1 | Gained mutation: You sometimes lose the ability to read
                  | scrolls when taking damage. [a cacodemon]
 26506 | Spider:1 | Gained mutation: You are clumsy. (Dex -2) [a cacodemon]
 26629 | Spider:1 | Killed Asterion
 27026 | Spider:1 | Identified the +11 broad axe of the Shining Light {vorpal,
                  | +Rage rC++} (Trog gifted it to you on level 1 of the Spider
                  | Nest)
 27026 | Spider:1 | Received a gift from Trog
 27110 | Spider:1 | Noticed Aizul
 27117 | Spider:1 | Killed Aizul
 27406 | Spider:2 | Noticed Azrael
 27415 | Spider:2 | Killed Azrael
 27513 | Spider:2 | Noticed Nikola
 27644 | Spider:1 | Killed Nikola
 27684 | Spider:2 | Noticed Louise
 27692 | Spider:2 | Noticed Arachne
 27720 | Spider:1 | Killed Louise
 27974 | Spider:1 | Killed Arachne
 28161 | Spider:2 | You fall into a shaft and drop 1 floor!
 28597 | Spider:3 | HP: 7/157 [wolf spider (8)]
 28599 | Spider:3 | Mangled by a jumping spider

Illustrated notes

Levels and vault maps discovered:
D:1:      erik_arrival_cave_to_civilisation [erik_arrival_cave_to_temple],
          layout_loops_ring, shapermc_ecumenical_altar_ellora,
          minmay_box_of_dots
D:2:      layout_loops_corners
D:3:      layout_basic, nicolae_overflow_quartered_altars, ebering_ghost_gozag,
          uniq_terence
D:4:      layout_loops_corners, minmay_temple_entry_wispy,
          gup_sewer_entry_glass, serial_shops, nicolae_stop_n_shop_1,
          kennysheep_nondescript, uniq_ijyb, uniq_sigmund
D:5:      layout_rooms, nicolae_ru_great_annihilating_truth, serial_glass,
          glass_columns_a, glass_columns_a, uniq_eustachio
D:6:      layout_basic, serial_shops, nicolae_shop_behind_doors
D:7:      cheibrodos_iron_armory, layout_basic, hex_tiny
D:8:      layout_gridville
D:9:      layout_basic, nicolae_uskayaw_dance_studio, library_closet
D:10:     layout_basic, lemuel_doored_altar, mainiacjoe_overflow_paths,
          david_lair_shrubbed
D:11:     layout_irregular_city, orc_0_dummy, gauntlet_entry_generic,
          nzn_life_drinkers, uniq_gastronok
D:12:     minmay_the_grid_triangle_9x9_rhombus_full
          [minmay_the_grid_triangle_9x9_swiss_cheese,
          minmay_the_grid_triangle_9x9_cache,
          minmay_the_grid_triangle_9x9_steps,
          minmay_the_grid_triangle_9x9_subtriangle,
          minmay_the_grid_triangle_9x9_zippers_vertical,
          minmay_the_grid_triangle_9x9_longest,
          minmay_the_grid_triangle_9x9_intruding_spiral,
          minmay_the_grid_triangle_9x9_prize_center], layout_cave_pods
D:13:     layout_irregular_city, david_vaults_1, gammafunk_ghost_smash,
          uniq_erolcha, uniq_rupert, uniq_sonja
D:14:     layout_roguey
D:15:     hangedman_depths_entry_civil_slaughter, layout_cave_pools,
          nicolae_hepliaklqana_hazy_memory, portal_ice_cave_entry_ice_statue_two
Lair:1:   layout_roguey
Lair:2:   layout_loops_ring, beast_lair_carwin_8, uniq_erica, uniq_maggie
Lair:3:   layout_regular_city, spider_nest_entry_funnel_web,
          kennysheep_catoblepas_arena, serial_bayou_shore_a, uniq_nergalle,
          uniq_fannar
Lair:4:   layout_regular_city, swamp_mist_pool
Lair:5:   layout_gridlike
Lair:6:   minmay_lair_end_enchanted_forest, layout_hall_layers, slime_altar_1,
          grunt_megastairs_3, infiniplex_staircase_pool_2
Spider:1: nicolae_spider_jumping_over_cracks [nicolae_spider_jumping_sub_stairs,
          nicolae_spider_jumping_sub_notch, nicolae_spider_jumping_sub_grid,
          nicolae_spider_jumping_sub_lanes], uniq_aizul, uniq_kirke,
          uniq_asterion
Spider:2: layout_spider_delve, uniq_arachne, uniq_azrael, uniq_louise,
          uniq_nikola
Spider:3: layout_spider_delve, nicolae_spider_some_kinda_spiderbox
Orc:1:    layout_caves, serial_shops, nicolae_shop_trees
Orc:2:    st_orc_mages, layout_caves, uniq_urug, uniq_jorgrun

Skill      XL: |  1  2  3  4  5  6  7  8  9 10 11 12 13 14 15 16 |
---------------+-------------------------------------------------+-----
Fighting       | 4 5 6 7 9 10 11 13 14 15 16 17 | 17.7
Axes           | 4 5 6 7 9 10 11 13 14 15 16 17 | 17.7
Armour         | 3 4 5 7 8 10 11 12 14 15 16 17 | 17.5
Dodging        | 3 4 5 6 7 9 10 11 13 14 15 16 | 16.3
Evocations     | 1 2 3 4 5 |  5.0

Action                   |  1- 3 |  4- 6 |  7- 9 | 10-12 | 13-15 | 16-18 || total
-------------------------+-------+-------+-------+-------+-------+-------++-------
Melee: Hand axe          |    95 |    39 |       |       |       |       ||   134
       Headbutt          |    13 |    12 |    57 |   148 |   159 |    69 ||   458
       Flail             |       |    58 |       |       |    28 |       ||    86
       War axe           |       |     5 |   295 |   153 |       |       ||   453
       Battleaxe         |       |       |       |   415 |   290 |       ||   705
       Executioner's axe |       |       |       |       |   387 |   288 ||   675
       Morningstar       |       |       |       |       |     4 |       ||     4
Throw: Boomerang         |       |       |       |     5 |       |       ||     5
       Javelin           |       |       |       |       |    11 |     9 ||    20
Invok: Berserk           |       |     3 |     1 |     4 |     6 |     3 ||    17
       Trog's Hand       |       |     1 |       |     4 |    10 |     3 ||    18
       Brothers in Arms  |       |       |       |       |     7 |     5 ||    12
  Use: Scroll            |       |       |       |       |    31 |     2 ||    33
       Potion            |       |       |       |       |     6 |     6 ||    12
 Stab: Paralysed         |       |       |     1 |       |       |       ||     1
       Distracted        |       |       |       |       |     1 |       ||     1
Armor: Animal skin       |     6 |       |       |       |       |       ||     6
       Ring mail         |    26 |       |       |    50 |       |       ||    76
       Chain mail        |     5 |    59 |   176 |    99 |       |       ||   339
       Swamp dragon scal |       |       |       |   123 |   197 |       ||   320
       Plate armour      |       |       |       |       |   340 |   442 ||   782
Dodge: Dodged            |    61 |    55 |   154 |   405 |   584 |   429 ||  1688
